 Dungeon Crawl Stone Soup version 0.21-a0-314-gb3271ec (webtiles) character file.

1 namelastname112 the Vexing (level 1, -2/7 HPs)
             Began as a Felid Wanderer on Sept 29, 2017.
             Slain by a jackal (3 damage)
             ... on level 1 of the Dungeon.
             The game lasted 00:00:46 (28 turns).

namelastname112 the Vexing (Felid Wanderer)           Turns: 28, Time: 00:00:46

Health: -2/7       AC:  1    Str: 10    XL:     1   Next: 16%
Magic:  5/5        EV: 15    Int: 12    God:
Gold:   13         SH:  0    Dex: 14    Spells: 6/6 levels left
                                        Lives:  0   Deaths: 0

rFire    . . .     SeeInvis +   (weapon unavailable)
rCold    . . .     Gourm    .   (shield unavailable)
rNeg     . . .     Faith    .   (armour unavailable)
rPois    .         Spirit   .   (helmet unavailable)
rElec    .         Reflect  .   (cloak unavailable)
rCorr    .         Harm     .   (gloves unavailable)
MR       .....                  (boots unavailable)
Stlth    ++........             (no amulet)
HPRegen  0.02/turn              (no ring)
MPRegen  0.09/turn              (no ring)

@: quick
A: no armour, no weapons or thrown items, stealth, claws 1, fangs 3, see
invisible, carnivore 3, speed 1, shaggy fur 1, slow metabolism 1, sharp paws
a: no special abilities


You were on level 1 of the Dungeon.
You were not hungry.

You visited 1 branch of the dungeon, and saw 1 of its levels.

You collected 13 gold pieces.

Inventory:

Scrolls
 d - a scroll of recharging {unknown}
Potions
 b - a potion of lignification
Books
 a - a book of Minor Magic

   Spells                             Type                      Level
   a - Magic Dart                     Conjuration                  1
   b - Blink                          Translocation                2
   c - Call Imp                       Summoning                    2
   d - Slow                           Hexes                        2
   e - Conjure Flame                  Conjuration/Fire             3
   f - Mephitic Cloud                 Conjuration/Poison/Air       3
Comestibles
 c - a meat ration


   Skills:
 + Level 0.0 Fighting
 + Level 0.3 Dodging
 + Level 0.0 Stealth
 * Level 0.2 Unarmed Combat
 - Level 3.0 Spellcasting
   Level 3.0 Hexes
   Level 1.0 Necromancy
   Level 1.7 Poison Magic
   Level 2.1 Evocations


You had 6 spell levels left.
You didn't know any spells.

Dungeon Overview and Level Annotations

Branches:
Dungeon (1/15)

Altars:


Innate Abilities, Weirdness & Mutations

You cannot wear armour.
You are incapable of wielding weapons or throwing items.
Your paws allow you to move quietly. (Stealth)
You have sharp claws.
You have razor-sharp teeth.
You have supernaturally acute eyesight. (SInv)
You are carnivorous and can eat meat at any time.
You cover ground quickly.
You are covered in fur. (AC +1)
You have a slow metabolism.
Your sharp claws are effective at attacking unaware monsters.


Message History

You scratch the jackal but do no damage.
The jackal is moderately wounded.
The jackal barely misses you.
You barely miss the jackal.
The jackal is moderately wounded.
The jackal barely misses you. x2
You completely miss the jackal.
The jackal is moderately wounded.
The jackal bites you.
* * * LOW HITPOINT WARNING * * *
You take 1 damage, and have 1/7 hp.
You scratch the jackal.
The jackal is heavily wounded.
The jackal barely misses you. x2
You scratch the jackal.
You kill the jackal!
The jackal misses you.
You scratch the jackal but do no damage.
The jackal bites you.
You die...

#.............#
#.............#
#.............#
..............+
.....$........#
##.....w..)...#
......rgh.....#
...####h##.####
.. #@##..# .
#+###'# #.≈#≈.#
#.≈≈≈.# #.≈8≈.#
#.....# #♣...♣#
#P♣.♣P# ##P.P##


You could see a dart slug, 2 jackals, a goblin and a rat.

Vanquished Creatures
  A jackal (D:1)
1 creature vanquished.

Notes
Turn   | Place    | Note
-------+----------+-------------------------------------------
     0 | D:1      | namelastname112 the Felid Wanderer began the quest for the Orb.
     0 | D:1      | namelastname112 set off with: a book of Minor Magic, a potion of lignification, a meat ration
     0 | D:1      | Reached XP level 1. HP: 7/7 MP: 5/5
    28 | D:1      | Slain by a jackal

Vault maps used:
D:1:      tarquinn_simple_flora_water_d

Action                   || total
-------------------------++-------
Melee: Unarmed           ||     9
       Bite              ||     1
Dodge: Dodged            ||    15

Table legend:
 A = Spawn XP
 B = Non-spawn XP
 C = Spawn XP percentage of total XP
 D = Spawn monster count
 E = Non-spawn monster count
 F = Spawn count percentage of total count
 G = Total turns spent on level
                    A         B        C        D         E        F      G
               +---------+---------+-------+---------+---------+-------+---------
         Total |       0 |       2 |   0.0 |       0 |       1 |   0.0 |    28
               +---------+---------+-------+---------+---------+-------+---------
           D:1 |       0 |       2 |   0.0 |       0 |       1 |   0.0 |    28
               +---------+---------+-------+---------+---------+-------+---------
